 Dungeon Crawl Stone Soup version 0.29.1-2-gbd0b4ee654 (webtiles) character file.

Game seed: 7121542332696761422

255 GeoRichter the Slasher (level 5, 0/30 HPs)
             Began as a Vampire Gladiator on Nov 15, 2022.
             Slain by a gnoll bouda
             ... wielding a +0 whip
              (9 damage)
             ... on level 4 of the Dungeon.
             The game lasted 00:05:08 (2993 turns).

GeoRichter the Slasher (Vampire Gladiator)          Turns: 2993, Time: 00:05:09

Health: 0/30       AC:  7    Str: 21    XL:     5   Next: 91%
Magic:  5/5        EV: 12    Int: 11    God:
Gold:   223        SH:  0    Dex: 15    Spells: 4/4 levels left

rFire   . . .      SeeInvis +   a - +0 long sword
rCold   + + .      Faith    .   (no shield)
rNeg    + + +      Spirit   .   i - +0 ring mail
rPois   ∞          Reflect  .   c - +0 helmet
rElec   .          Harm     .   (no cloak)
rCorr   .          Rampage  .   m - +0 pair of gloves
Will    .....                   (no boots)
Stlth   +++.......              b - amulet of the acrobat
HPRegen 0.00/turn               q - +6 ring of strength
MPRegen 0.09/turn               (no ring)

@: weakened, bloodless, inhibited regen
A: bloodless, fangs 3, see invisible, vampiric 2
a: Bat Form, Revivify


You were on level 4 of the Dungeon.
You visited 1 branch of the dungeon, and saw 4 of its levels.

You collected 223 gold pieces.

Inventory:

Hand Weapons
 a - a +0 long sword (weapon)
Missiles
 d - 4 throwing nets {!f}
 e - a javelin
 j - a silver boomerang (quivered)
Armour
 c - a +0 helmet (worn)
 i - a +0 ring mail (worn)
   (You found it on level 1 of the Dungeon)
 m - a +0 pair of gloves (worn)
   (You found it on level 1 of the Dungeon)
Jewellery
 b - an amulet of the acrobat (around neck)
   (You found it on level 1 of the Dungeon)
 q - a +6 ring of strength (left hand)
   (You found it on level 2 of the Dungeon)
Wands
 v - a wand of digging (5)
   (You found it on level 3 of the Dungeon)
 x - a wand of iceblast (9)
   (You found it on level 3 of the Dungeon)
Scrolls
 g - 4 scrolls of identify {unknown}
 h - a scroll of fog {unknown}
 n - 3 scrolls of teleportation {unknown}
 p - a scroll of enchant armour {unknown}
 r - a scroll of amnesia {unknown}
 t - a scroll of poison {unknown}
Potions
 f - a potion of cancellation {unknown}
 k - 2 potions of lignification {unknown}
 l - a potion of brilliance {unknown}
 o - 2 potions of degeneration {unknown}
 s - 2 potions of haste {unknown}
 u - a potion of curing {unknown}
 w - a potion of attraction {unknown}
 z - a potion of resistance {unknown}
 A - a potion of heal wounds {unknown}


   Skills:
 - Level 1.7 Fighting
 * Level 6.7 Long Blades
 - Level 1.5 Throwing
 - Level 3.2 Dodging


You had 4 spell levels left.
You didn't know any spells.
Your spell library contained the following spells:

 Spells                   Type           Power      Damage    Failure   Level
 Shock                    Conj/Air       0%         1d3       52%         1
 Swiftness                Air            0%         N/A       87%         3
 Airstrike                Air            0%         2d(0-16)  99%         4


Dungeon Overview and Level Annotations

Branches:
Dungeon (4/15) Zot: 20975
 Temple: D:4-7

Altars:
Kikubaaqudgha
Wu Jian

Annotations:
D:3 Pargi
D:4 Edmund


Innate Abilities, Weirdness & Mutations

You do not regenerate when monsters are visible.
You are frail without blood (-20% HP).
You can heal yourself when you bite living creatures.
You are immune to poison.
You have razor-sharp teeth.
You have supernaturally acute eyesight. (SInv)
You are afflicted with vampirism and can become a bat while bloodless.


Message History

You kill the gnoll!
You throw a silver boomerang. The silver boomerang hits the gnoll.
The gnoll hits you with a +0 whip.
You hit the gnoll. The gnoll barely misses you.
You hit the gnoll but do no damage.
The gnoll bouda mumbles some strange prayers to its god.
The gnoll bouda is healed somewhat.
The gnoll closely misses you.
You closely miss the gnoll. The gnoll hits you with a +0 whip.
You hit the gnoll. The gnoll hits you with a +0 whip.
You hit the gnoll. The gnoll closely misses you.
You barely miss the gnoll. You bite the gnoll.
You draw the gnoll's blood!
You feel better.
Your attacks no longer feel as feeble.
The gnoll hits you with a +0 whip.
You hit the gnoll.
You kill the gnoll!
The gnoll closely misses you.
You hit the gnoll. You bite the gnoll.
You draw the gnoll's blood!
You feel better. The gnoll hits you with a +0 club.
The gnoll bouda gazes fiercely through you!
You feel your attacks grow feeble.
You hit the gnoll.
You kill the gnoll!
The gnoll bouda utters an invocation to its god.
The gnoll bouda is healed somewhat.
You hit the ball python.
You kill the ball python!
You throw a silver boomerang.
The silver boomerang closely misses the gnoll bouda.
Your attacks no longer feel as feeble.
You hit the gnoll bouda. The gnoll bouda misses you.
You barely miss the gnoll bouda.
The gnoll is no longer moving quickly.
A gnoll comes into view. It is wielding a +0 club.
The gnoll bouda barks out a call to the hunt!
The gnolls pick up the pace!
The gnoll shouts!
You barely miss the gnoll bouda.
You hear a bark!
You hear a shout!
The gnoll bouda gazes fiercely through you!
You feel your attacks grow feeble.
The gnoll bouda hits you with a +0 whip!
You hit the gnoll bouda. The gnoll bouda barely misses you.
You closely miss the gnoll bouda.
The gnoll bouda hits you with a +0 whip.
* * * LOW HITPOINT WARNING * * *
You hit the gnoll bouda.
The gnoll bouda hits you with a +0 whip.
* * * LOW HITPOINT WARNING * * *
The gnoll bouda hits you with a +0 whip!
You die...

#.# ##.... #.#
##...# #.# #.....
#####.##########....
#>............ #....
#...########## #...#
###.# #..#. #.#
#.#.. #@# #.... #g#
##### #g# #g# #..
..~ ..♣ .♣~


You could see a gnoll bouda and 2 gnolls.

Vanquished Creatures
  A scorpion (D:4)
  A hound (D:4)
  Jessica (D:3)
  Robin (D:4)
  3 gnolls (D:4)
  An adder (D:2)
  A shadow imp (D:3)
  An ufetubus (D:4)
  4 dart slugs
  10 bats
  6 endoplasms
  3 giant cockroaches
  11 goblins
  2 hobgoblins
  3 jackals (D:2)
  5 kobolds
  8 quokkas
  4 ball pythons
  4 frilled lizards
  4 rats
74 creatures vanquished.

Vanquished Creatures (others)
  31 plants (D:4)
31 creatures vanquished.

Grand Total: 105 creatures vanquished

Notes
Turn   | Place    | Note
-------+----------+-------------------------------------------
     0 | D:1      | GeoRichter the Vampire Gladiator began the quest for the
                  | Orb.
     0 | D:1      | Reached XP level 1. HP: 16/16 MP: 1/1
   313 | D:1      | Reached XP level 2. HP: 17/17 MP: 2/2
   474 | D:1      | Found a faded altar of an unknown god.
   557 | D:1      | Reached skill level 4 in Long Blades
   870 | D:2      | Gained mutation: You are afflicted with vampirism and can
                  | become a bat while bloodless. [Vampire growth]
   870 | D:2      | Reached XP level 3. HP: 21/21 MP: 3/3
  1045 | D:2      | Found an ornate altar of the Wu Jian Council.
  1401 | D:3      | Noticed Pargi
  1557 | D:3      | Noticed Jessica
  1562 | D:3      | Killed Jessica
  1563 | D:3      | Reached skill level 5 in Long Blades
  1563 | D:3      | Reached XP level 4. HP: 21/26 MP: 4/4
  1647 | D:3      | Found an ancient bone altar of Kikubaaqudgha.
  2079 | D:4      | Noticed Robin
  2522 | D:4      | Noticed a scorpion
  2536 | D:4      | Killed a scorpion
  2537 | D:4      | Reached skill level 6 in Long Blades
  2537 | D:4      | Reached XP level 5. HP: 17/30 MP: 5/5
  2804 | D:4      | Noticed Edmund
  2913 | D:4      | Killed Robin
  2993 | D:4      | Slain by a gnoll bouda

Illustrated notes

Levels and vault maps discovered:
D:1:      mrwooster_arrival_arrow, layout_basic,
          hellmonk_ecumenical_altar_leap_of_faith
D:2:      layout_rooms, basic_altar
D:3:      layout_loops_ring, nicolae_kikubaaqudgha_miasma_corner, uniq_jessica,
          uniq_pargi
D:4:      layout_basic, serial_bayou, serial_bayou_ford_a, serial_bayou_pond_a,
          serial_bayou_lagoon_a, serial_bayou_pond_e, hangedman_decor_opposing,
          uniq_edmund, uniq_robin

Skill      XL: |  1  2  3  4 |
---------------+-------------+-----
Long Blades    | 4 5 6 |  6.7
Fighting       | |  1.7
Throwing       | |  1.5
Dodging        | |  3.2

Action                   |  1- 3 |  4- 6 || total
-------------------------+-------+-------++-------
Melee: Long sword        |    92 |    86 ||   178
       Bite              |    13 |     8 ||    21
Throw: Boomerang         |     4 |    11 ||    15
 Abil: Exsanguinate      |     1 |       ||     1
 Stab: Sleeping          |     5 |     6 ||    11
Armor: Leather armour    |     7 |       ||     7
       Ring mail         |    20 |    25 ||    45
Dodge: Dodged            |    78 |    44 ||   122
